 Dungeon Crawl Stone Soup version 0.31.0-32-g396128a36d (webtiles) character file.

Game seed: 6552398693700959855

94 trashops the Chopper (level 4, -6/29 (40) HPs)
             Began as a Hill Orc Fighter on Apr 11, 2024.
             Mangled by Duvessa
             ... wielding a +1 rapier of draining
              (14 damage)
             ... on level 4 of the Dungeon.
             The game lasted 00:03:12 (2214 turns).

trashops the Chopper (Hill Orc Fighter)             Turns: 2214, Time: 00:03:13

HP:   -6/29 (40)    AC: 12    Str: 16 (19) XL:     4   Next: 63%
MP:   4/4           EV:  4    Int: 10 (12) God:
Gold: 254           SH:  4    Dex:  8 (9)  Spells: 3/3 levels left

rFire   . . .        a - +0 war axe
rCold   . . .        c - +0 buckler
rNeg    . . .        e - +0 plate armour
rPois   .            (no helmet)
rElec   .            (no cloak)
rCorr   .            (no gloves)
SInv    .            f - +0 pair of boots
Will    .....        (no amulet) Stlth
                     (no ring)
HPRegen 0.24/turn    (no ring)
MPRegen 0.09/turn

%: no passive effects
@: mighty, very heavily drained
A: clever 1
a: no special abilities


You were on level 4 of the Dungeon.
You visited 1 branch of the dungeon, and saw 4 of its levels.

You collected 254 gold pieces.

Inventory:

Hand Weapons
 a - a +0 war axe (weapon)
Armour
 c - a +0 buckler (worn)
 e - a +0 plate armour (worn)
 f - a +0 pair of boots (worn)
Potions
 b - a potion of enlightenment
 d - 2 potions of might
 h - a potion of curing


   Skills:
 * Level 4.2 Fighting
 * Level 4.7 Axes
 * Level 4.0 Armour
 + Level 3.5 Shields


You had 3 spell levels left.
You didn't know any spells.
Your spell library contained the following spells:

 Spells                   Type           Power      Damage    Failure   Level
 Ensorcelled Hibernation  Hex/Ice        0%         N/A       100%        2
 Scorch                   Fire           0%         2d5       100%        2
 Passwall                 Erth           0%         N/A       100%        3
 Swiftness                Air            0%         N/A       100%        3
 Spellforged Servitor     Conj/Summ      0%         N/A       100%        7
 Ignition                 Fire           0%         3d3       100%        8


Dungeon Overview and Level Annotations

Branches:
Dungeon (4/15)
 Temple: D:4-7

Altars:
Hepliaklqana

Annotations:
D:4 Duvessa


Innate Abilities, Weirdness & Mutations

Your mind is acute. (Int +4, Str/Dex -1)


Message History

The jackal bites you but does no damage. x2
The jackal barely misses you.
Dowan mumbles some strange words.
Dowan blinks!
You barely miss the jackal. x2; The jackal barely misses you. x2
The jackal bites you.
The jackal bites you but does no damage.
You hit the jackal.
You kill the jackal!
You hit the jackal.
You kill the jackal!
Duvessa hits you with a +1 rapier of draining.
You feel drained.
You completely miss Duvessa.
Duvessa hits you with a +1 rapier of draining.
You feel drained.
Duvessa says, "Where magic fails, the sword succeeds!"
Duvessa hits you but does no damage.
You feel drained.
Duvessa hits you with a +1 rapier of draining.
You feel drained.
You closely miss Duvessa.
Duvessa hits you with a +1 rapier of draining.
You feel drained.
You feel very mighty all of a sudden.
Duvessa hits you with a +1 rapier of draining.
You feel drained. Dowan hits you with a +0 dagger.
You slash Dowan!
Dowan is moderately wounded.
You slash Duvessa! You block Duvessa's attack.
Duvessa hits you with a +1 rapier of draining.
You feel drained. Dowan hits you but does no damage.
You slice Dowan!!
You kill Dowan!
Duvessa screams, "No!
How DARE you!"
Duvessa goes berserk!
You hit Duvessa.
Duvessa hits you with a +1 rapier of draining!
* * * LOW HITPOINT WARNING * * *
You feel drained.
Duvessa hits you with a +1 rapier of draining!
You die...

#......# #......+ #####
#####......#
##....##...#......#
#.....#....#......######
#....#....#............
.##....#....#............
......<#e...#............
.......S@...'............
.##...###...#............
#.. ###...##+####.....#
... #......# #.....# ...
#......# #.....+ ..
#......# #.....# .
##...###+####.....#
##...#.......(....#
#....#............#


You could see Duvessa (berserk, fast) and a ball python.

Vanquished Creatures
  Dowan (D:4)
  4 adders
  3 dart slugs
  A ribbon worm (D:3)
  5 ball pythons
  A bat (D:2)
  4 endoplasms (D:1)
  2 giant cockroaches
  3 hobgoblins
  10 jackals
  2 quokkas
  2 frilled lizards
  4 goblins
  4 kobolds
  3 rats
49 creatures vanquished.

Notes
Turn   | Place    | Note
-------+----------+-------------------------------------------
     0 | D:1      | trashops the Hill Orc Fighter began the quest for the Orb.
     0 | D:1      | Reached XP level 1. HP: 19/19 MP: 1/1
   197 | D:1      | Got the Encyclopedia of the Roasted Throng
   283 | D:1      | Reached XP level 2. HP: 27/27 MP: 2/2
   984 | D:2      | Reached XP level 3. HP: 29/33 MP: 3/3
  1269 | D:2      | Found a hazy altar of Hepliaklqana.
  1553 | D:2      | Gained mutation: Your mind is acute. (Int +4, Str/Dex -1)
                  | [potion of mutation]
  1683 | D:3      | Reached XP level 4. HP: 27/40 MP: 4/4
  1927 | D:3      | Found a faded altar of an unknown god.
  2198 | D:4      | Noticed Dowan
  2199 | D:4      | Noticed Duvessa
  2214 | D:4      | Killed Dowan
  2214 | D:4      | Mangled by Duvessa

Illustrated notes

Levels and vault maps discovered:
D:1:      lemuel_arrival_room, layout_loops_ring
D:2:      layout_loops_ring, basic_altar, minmay_circle_x
D:3:      layout_rooms, basic_ecumenical_altar, st_stairs_3, kennysheep_path_1,
          minmay_misc_feat_hallway
D:4:      layout_gridville, minmay_temple_entry_overgrown, sigmund_army,
          uniq_duvessa

Skill      XL: |  1  2  3  4 |
---------------+-------------+-----
Fighting       | 4 |  4.2
Axes           | 3 4 |  4.7
Armour         | 4 |  4.0
Shields        | |  3.5

Action                     |  1- 3 |  4- 6 || total
---------------------------+-------+-------++-------
  Melee: War axe           |    89 |    51 ||   140
    Use: Scroll            |     6 |     1 ||     7
         Potion            |     4 |     2 ||     6
 Armour: Plate armour      |    87 |    71 ||   158
  Dodge: Dodged            |    17 |    15 ||    32
  Block: Buckler           |    19 |    15 ||    34
